 Dungeon Sprint DCSS version 0.30.1 (webtiles) character file.

Game seed: 2691062667815190787

551 boopmooplesden the Spear-Bearer (level 10, -12/92 HPs)
             Began as a Demonspawn Berserker on July 8, 2023.
             Was a High Priest of Trog.
             Mangled by an ogre
             ... wielding a +0 giant club
              (31 damage)
             ... in the Dungeon (Sprint VI: "Thunderdome").
             The game lasted 00:05:55 (1268 turns).

boopmooplesden the Spear-Bearer (DsBe)              Turns: 1268, Time: 00:05:57

Health: -12/92     AC:  2    Str: 23    XL:     10   Next: 56%
Magic:  10/10      EV: 26    Int:  9    God:    Trog [*****.]
Gold:   315        SH:  0    Dex: 21    Spells: 9/9 levels left

rFire   + . .        c - +0 demon trident
rCold   . . .        (no shield)
rNeg    + + +        b - +0 animal skin
rPois   +            (no helmet)
rElec   .            (no cloak)
rCorr   .            (no gloves)
SInv    +            (no boots)
Will    .....        n - amulet "Peheczax" {Acrobat rF+ rN+ Str-3 Dex+3}
Stlth   +++          m - ring "Cuoptoy" {rN+ Str+4 Dex+6}
HPRegen 0.35/turn    o - ring "Homus" {*Corrode rPois rN++ EV+5 SInv}
MPRegen 0.24/turn

%: no teleportation, corrode self (3%), acrobat
@: studying Dodging
A: powered by death 2, magic regeneration, weakness stinger 1
}: 1/15 runes: serpentine
a: Renounce Religion, Berserk, Trog's Hand, Brothers in Arms


You were in the Dungeon.
You worshipped Trog.
Trog was extremely pleased with you.
You visited 1 branch You collected 900 gold pieces.
You spent 585 gold pieces at shops.

Inventory:

Hand Weapons
 a - a +0 spear
 c - a +0 demon trident (weapon)
Armour
 b - a +0 animal skin (worn)
Jewellery
 m - the ring "Cuoptoy" (left hand) {rN+ Str+4 Dex+6}
   (You bought it in a shop in the Dungeon)

   [ring of dexterity]

   Str:       It affects your strength (+4).
   Dex:       It affects your dexterity (+6).
   rN:        It protects you from negative energy.
 n - the amulet "Peheczax" (around neck) {Acrobat rF+ rN+ Str-3 Dex+3}
   (You bought it in a shop in the Dungeon)

   [amulet of the acrobat]

   It increases your evasion while moving and waiting.
   Str:       It affects your strength (-3).
   Dex:       It affects your dexterity (+3).
   rF:        It protects you from fire.
   rN:        It protects you from negative energy.
 o - the ring "Homus" (right hand) {*Corrode rPois rN++ EV+5 SInv}
   (You bought it in a shop in the Dungeon)

   [ring of evasion]

   EV:        It affects your evasion (+5).
   rPois:     It protects you from poison.
   rN:        It greatly protects you from negative energy.
   SInv:      It lets you see invisible.
   *Corrode:  It may corrode you when you take damage.
Wands
 i - a wand of acid (5)
 j - a wand of iceblast (2)
Scrolls
 h - 3 scrolls of blinking
 k - 3 scrolls of fog
Potions
 e - 3 potions of haste
 f - 2 potions of magic
 g - a potion of berserk rage
 l - a potion of resistance


   Skills:
 + Level 13.2 Fighting
 + Level 14.0 Polearms
 + Level 4.3 Armour
 + Level 11.9 Dodging
 + Level 3.6 Stealth
 + Level 3.1 Evocations


You had 9 spell levels left.
You didn't know any spells.
Your spell library was empty.

Dungeon Overview and Level Annotations

Branches:
Dungeon (1/1)

Altars:
Cheibriados
Dithmenos
Fedhas
Gozag
Kikubaaqudgha
Makhleb
Okawaru
Qazlal
Ru
Sif Muna
Trog
Uskayaw
Vehumet
Wu Jian
Xom
Yredelemnul
Lugonu

Shops:
D *[??*?*:[((!!!!


Innate Abilities, Weirdness & Mutations

You regenerate health from kills.
You regenerate magic rapidly.
You have a small tail.


Message History

An ogre is nearby!
You feel yourself speed up.
The ogre shouts!
An orc knight comes into view. It is wielding a +0 broad axe.
The orc knight shouts!
You puncture the ogre! You tail-slap the ogre!
The ogre is severely wounded.
You barely miss the ogre. You tail-slap the ogre.
The ogre is severely wounded.
The ogre barely misses you.
You puncture the ogre!
You kill the ogre!
Trog accepts your kill.
You're still recovering from your berserk rage.
An ogre comes into view. It is wielding a +0 giant club.
The orc knight completely misses you.
You see here a +0 giant spiked club.
You closely miss the orc knight.
The ogre shouts!
Unknown command.
Okay, then.
You feel much better.
The orc knight hits you with a +0 broad axe!
Your iron troll goes berserk!
The orc knight completely misses you.
The orc knight attacks as you move away!
The orc knight misses you.
You recover from your berserk rage.
The orc knight completely misses you.
The orc knight hits your iron troll but does no damage.
Your iron troll bites the orc knight!!!
Your iron troll claws the orc knight but does no damage.
Your iron troll misses the orc knight.
You barely miss the orc knight. You tail-slap the orc knight.
The orc knight is severely wounded.
The orc knight hits you with a +0 broad axe!!
* * * LOW HITPOINT WARNING * * *
The orc knight hits your iron troll with a +0 broad axe.
The ogre hits you with a +0 giant club!!
You die...

##.....## ##∩.....∩##
#∩....)..∩# #_....).._#
#_......._# #_..†...._#
###.........###
#⌠..........)⌠#
######.8.@.......8.######
##.__....Oo.###......___∩##
###∩.......)8T# #.8........∩#
##.............###............
#⌠..........###...###.........
#⌠..........# #.<.# #.........
#⌠..........###...###.........
##......†......###............
###∩.......)8.# #.8........∩#


You could see an orc knight (ally target), an ogre and a friendly iron troll
(summoned, berserk).

Vanquished Creatures
  A naga warrior (D)
  2 tyrant leeches (D)
  A jumping spider (D)
  A redback (D)
  A water moccasin (D)
  Pargi (D)
  An ogre (D)
  8 centaurs (D)
  6 vampire bats (D)
  2 adders (D)
  A river rat (D)
  4 worms (D)
  A quokka (D)
  2 ball pythons (D)
  3 rats (D)
35 creatures vanquished.

Vanquished Creatures (collateral kills)
  A boulder beetle (D)
  A tarantella (D)
  2 jumping spiders (D)
4 creatures vanquished.

Grand Total: 39 creatures vanquished

Notes
Turn   | Place    | Note
-------+----------+-------------------------------------------
     0 | D        | boopmooplesden the Demonspawn Berserker began the quest for
                  | the Orb.
     0 | D        | Reached XP level 1. HP: 18/18 MP: 1/1
     1 | D        | Found a blossoming altar of Fedhas.
     2 | D        | Found a radiant altar of Vehumet.
     2 | D        | Found an ornate altar of the Wu Jian Council.
     3 | D        | Found a snail-covered altar of Cheibriados.
     4 | D        | Found a shadowy altar of Dithmenos.
     4 | D        | Found a shimmering blue altar of Sif Muna.
     4 | D        | Found Noninos's Identification Station.
     5 | D        | Found Gokeum's Jewellery.
     5 | D        | Found Wurch's Advanced Armour.
     5 | D        | Round 1.
    13 | D        | Bought a scintillating turquoise ring for 45 gold pieces
    13 | D        | Identified the ring "Cuoptoy" {rN+ Str+4 Dex+6} (You bought
                  | it in a shop in the Dungeon)
    13 | D        | Bought a bound iron amulet for 45 gold pieces
    13 | D        | Identified the amulet "Peheczax" {Acrobat rF+ rN+ Str-3
                  | Dex+3} (You bought it in a shop in the Dungeon)
    13 | D        | Bought a pitted pewter ring for 45 gold pieces
    13 | D        | Identified the ring "Homus" {*Corrode rPois rN++ EV+5 SInv}
                  | (You bought it in a shop in the Dungeon)
    23 | D        | Found a shimmering altar of Xom.
    24 | D        | Found an opulent altar of Gozag.
    25 | D        | Found a corrupted altar of Lugonu.
    26 | D        | Found Geschu's Premium Goods.
    36 | D        | Reached skill level 3 in Polearms
    36 | D        | Gained mutation: You have a small tail. [demonic ancestry]
    36 | D        | Reached XP level 2. HP: 23/25 MP: 2/2
    37 | D        | Found a basalt altar of Yredelemnul.
    37 | D        | Found Dudoviuc's Weapon Rack.
    39 | D        | Found Dys Fujij's Miscellaneous Merchandise.
    39 | D        | Found Zaew's Basic Armour.
    41 | D        | Found a hide-covered altar of Uskayaw.
    44 | D        | Found Kifeci's Do-It-Yourself Clinic.
    45 | D        | Found Pouschit's Bottled Wisdom.
    45 | D        | Found Hamisay's Distillery.
    45 | D        | Found a sacrificial altar of Ru.
    45 | D        | Found an iron altar of Okawaru.
    45 | D        | Found a bloodstained altar of Trog.
    45 | D        | Found Tiutixyr's Distillery.
    51 | D        | Found a stormy altar of Qazlal.
    57 | D        | Found a burning altar of Makhleb.
    57 | D        | Found an ancient bone altar of Kikubaaqudgha.
    60 | D        | Found Ilemn's Staff Store.
    60 | D        | Found Jijesuwk's Magic Scroll Shop.
    61 | D        | Found Iplil Qer's Must-Have Magic.
    61 | D        | Found Onougys's Magic Scroll Shop.
    86 | D        | Reached skill level 4 in Polearms
   114 | D        | Reached ** piety under Trog
   157 | D        | Noticed a water moccasin
   174 | D        | Killed a water moccasin
   174 | D        | Arena points: 12 (+12) [x2]
   175 | D        | Reached skill level 6 in Polearms
   175 | D        | Reached XP level 3. HP: 13/35 MP: 3/3
   175 | D        | Gained mutation: You regenerate a little health from kills.
                  | [demonic ancestry]
   175 | D        | Reached XP level 4. HP: 16/41 MP: 4/4
   211 | D        | Round 2.
   219 | D        | Noticed Pargi
   251 | D        | Killed Pargi
   251 | D        | Reached *** piety under Trog
   252 | D        | Reached skill level 7 in Polearms
   252 | D        | Reached XP level 5. HP: 36/49 MP: 5/5
   320 | D        | Arena points: 54 (+42) [x3]
   361 | D        | Round 3.
   369 | D        | Reached **** piety under Trog
   370 | D        | Reached skill level 8 in Polearms
   370 | D        | Reached XP level 6. HP: 56/56 MP: 6/6
   397 | D        | Reached skill level 5 in Dodging
   426 | D        | Reached skill level 9 in Polearms
   504 | D        | Reached ***** piety under Trog
   505 | D        | Arena points: 138 (+84) [x4]
   562 | D        | Round 4.
   570 | D        | Noticed a boulder beetle
   589 | D        | Noticed a jumping spider
   606 | D        | HP: 1/58 [jumping spider (5)]
   607 | D        | Noticed a jumping spider
   607 | D        | Killed a jumping spider
   608 | D        | Gained mutation: You regenerate magic rapidly. [demonic
                  | ancestry]
   608 | D        | Reached XP level 7. HP: 2/65 MP: 7/7
   608 | D        | Killed a boulder beetle
   609 | D        | Reached skill level 10 in Fighting
   609 | D        | Reached skill level 11 in Polearms
   609 | D        | Reached skill level 1 in Stealth
   609 | D        | Reached XP level 8. HP: 30/74 MP: 8/8
   611 | D        | Killed a jumping spider
   638 | D        | Noticed a jumping spider
   668 | D        | Killed a jumping spider
   669 | D        | Reached skill level 12 in Polearms
   730 | D        | Noticed a tarantella
   731 | D        | Noticed a boulder beetle
   739 | D        | Killed a tarantella
   742 | D        | Arena points: 166 (+28) [x1]
   757 | D        | Round 5.
   758 | D        | Noticed a naga warlord
   779 | D        | Killed a naga warlord
   779 | D        | Arena points: 286 (+120) [x3]
   780 | D        | Reached skill level 13 in Polearms
   780 | D        | Reached XP level 9. HP: 29/82 MP: 9/9
   782 | D        | Got a serpentine rune of Zot
   784 | D        | Reached skill level 10 in Dodging
   784 | D        | Gained mutation: You regenerate health from kills. [demonic
                  | ancestry]
   784 | D        | Reached XP level 10. HP: 24/90 MP: 10/10
   942 | D        | Round 6.
  1032 | D        | Received a gift from Trog
  1032 | D        | Arena points: 502 (+216) [x4]
  1057 | D        | Bought a +0 demon trident for 450 gold pieces
  1057 | D        | Round 7.
  1219 | D        | Reached skill level 14 in Polearms
  1223 | D        | Arena points: 551 (+49) [x1]
  1233 | D        | Round 8.
  1255 | D        | Noticed an orc knight
  1268 | D        | Mangled by an ogre

Illustrated notes

Levels and vault maps discovered:
D:        arena_sprint

Skill      XL: |  1  2  3  4  5  6  7  8  9 10 |
---------------+-------------------------------+-----
Polearms       | 3 6 7 8 9 11 13 14 | 14.0
Armour         | 2 3 4 |  4.3
Dodging        | 2 3 4 6 7 9 10 11 | 11.9
Fighting       | 6 7 8 9 10 12 13 | 13.2
Stealth        | 1 3 |  3.6
Evocations     | 2 3 |  3.1

Action                     |  1- 3 |  4- 6 |  7- 9 | 10-12 || total
---------------------------+-------+-------+-------+-------++-------
  Melee: Spear             |    32 |    82 |    47 |    54 ||   215
         Tailslap          |     5 |    16 |     8 |    23 ||    52
         Demon trident     |       |       |       |    31 ||    31
 Invoke: Berserk           |       |     2 |     2 |     3 ||     7
         Brothers in Arms  |       |     1 |     1 |     1 ||     3
         Trog's Hand       |       |       |     1 |     1 ||     2
  Evoke: Wand              |       |       |     3 |       ||     3
    Use: Scroll            |       |     1 |       |       ||     1
         Potion            |       |       |     3 |     4 ||     7
 Armour: Animal skin       |     1 |     2 |     3 |     2 ||     8
  Dodge: Dodged            |    29 |    89 |    31 |   142 ||   291
